 Dungeon Crawl Stone Soup version 0.30-a0-576-g89cddaab80 (webtiles) character file.

Game seed: 980332505157476711

65 Pooter the Shooter (level 3, -3/35 HPs)
             Began as a Troll Hunter on Dec 30, 2022.
             Killed by an exploding goblin (21 damage)
             ... ignited by their inner flame
             ... on level 2 of the Dungeon.
             The game lasted 00:06:23 (1179 turns).

Pooter the Shooter (Troll Hunter)                   Turns: 1179, Time: 00:06:24

Health: -3/35      AC:  4    Str: 27    XL:     3   Next: 92%
Magic:  2/2        EV: 10    Int:  5    God:
Gold:   149        SH:  0    Dex: 13    Spells: 2/2 levels left

rFire   + . .      SeeInvis .      - Unarmed
rCold   x . .      Faith    .    (no shield)
rNeg    . . .      Spirit   .    c - +0 robe
rPois   .          Reflect  .    (helmet restricted)
rElec   .          Harm     .    (no cloak)
rCorr   .          Rampage  .    (gloves unavailable)
Will    .....                    (boots unavailable)
Stlth   +                        (no amulet)
HPRegen 1.05/turn                a - +6 ring of strength
MPRegen 0.08/turn                j - ring of fire

@: no status effects
A: large, unfitting armour, claws 3, regeneration 1, shaggy fur 1, tough skin 1
a: no special abilities


You were on level 2 of the Dungeon.
You visited 1 branch of the dungeon, and saw 2 of its levels.

You collected 149 gold pieces.

Inventory:

Hand Weapons
 b - a +0 shortbow
Missiles
 Q - 23 stones
Armour
 c - a +0 robe (worn)
Jewellery
 a - a +6 ring of strength (left claw)
   (You found it on level 1 of the Dungeon)
 j - a ring of fire (right claw)
   (You found it on level 2 of the Dungeon)
Scrolls
 d - a scroll of teleportation {unknown}
 e - a scroll of torment {unknown}
 f - a scroll of noise {!r}
 g - a scroll of amnesia
 h - a scroll of vulnerability {unknown}
 k - a scroll of magic mapping {unknown}


   Skills:
 + Level 2.0 Fighting
 * Level 3.1 Ranged Weapons
 - Level 1.5 Dodging
 - Level 0.3 Stealth
 * Level 2.1 Unarmed Combat


You had 2 spell levels left.
You didn't know any spells.
Your spell library was empty.

Dungeon Overview and Level Annotations

Branches:
Dungeon (2/15)

Altars:


Innate Abilities, Weirdness & Mutations

You are too large for most types of armour.
You have claws for hands.
Your natural rate of healing is unusually fast.
You are covered in fur. (AC +1)
You have tough skin. (AC +1)


Message History

b - a +0 shortbow (weapon)
There is a stone staircase leading up here.
You open the door.
There is an open door here.
Found 5 stones.
Found 16 gold pieces.
Q - 23 stones (gained 5)
You now have 149 gold pieces (gained 16).
You open the door.
There is an open door here.
You open the door.
There is an open door here.
There is an open door here.
You open the door.
There is an open door here.
There is an open door here.
You open the door.
There is an open door here.
You open the door. 4 hobgoblins and 4 goblins come into view.
A goblin is wielding a +0 dagger of holy wrath.
The hobgoblin shouts! x2; The goblin shouts!
The hobgoblin shouts!
The goblin shouts!
You hear a shout!
Something unseen opens the door.
The goblin shouts! x2; You hear a shout!
The hobgoblin shouts!
A goblin comes into view. It is wielding a +0 club.
The goblin shouts!
You aren't carrying any potions.
Okay, then.
You feel more attuned to fire.
j - a ring of fire (right claw)
You are now empty-clawed.
Really read
o - a scroll of immolation {!r}?
Really read the scroll of immolation?
As you read the scroll of immolation {!r}, it crumbles to dust.
The creatures around you are filled with an inner flame!
A goblin opens the door.
A hobgoblin comes into view.
The goblin shouts!
You scratch the hobgoblin.
The hobgoblin explodes!
The fiery explosion engulfs the goblin!!
The fiery explosion engulfs the goblin!!!
The fiery explosion engulfs the goblin!!
The fiery explosion engulfs you! You resist.
The fiery explosion engulfs the goblin!!!
The goblin explodes!
The fiery explosion engulfs you!! You resist.
Ouch! That really hurt!
You die...

#......#
#.......[.#.#.#'######
#......########.#.##.#.......#
#.#'#####.....#.#.##.#.......#
#.#.# #..###...#.##.#.......##
#.#+####.##
##.....#.#.........
#....#...#g #...#....#######.#
###......####g
###...#........... ........##
#..§#§##..#.######## #
####....# +gg§§@§'..#.# #
##'#.## #.g§#§##....########.#
#.#..####' ###..#..#........#
#.#<...#g #...###...########
#.#.##.## ##.#####...####....
#.#..#..###........#...##....
#.##.##.....#.######.#.......
............).######.###.....
#.##.#..#............# ##....


You could see 4 hobgoblins and 2 goblins.

Vanquished Creatures
  3 adders (D:2)
  5 endoplasms (D:1)
  A giant cockroach (D:1)
  7 goblins
  3 hobgoblins
  2 jackals (D:1)
  4 quokkas
  10 ball pythons
  A bat (D:2)
  2 kobolds
  3 rats
41 creatures vanquished.

Notes
Turn   | Place    | Note
-------+----------+-------------------------------------------
     0 | D:1      | Pooter the Troll Hunter began the quest for the Orb.
     0 | D:1      | Reached XP level 1. HP: 19/19 MP: 0/0
   181 | D:1      | Reached skill level 1 in Unarmed Combat
   181 | D:1      | Reached XP level 2. HP: 28/28 MP: 1/1
   798 | D:2      | Reached skill level 3 in Ranged Weapons
   798 | D:2      | Reached XP level 3. HP: 35/35 MP: 2/2
  1179 | D:2      | Killed by an exploding goblin... ignited by their inner
                  | flame

Illustrated notes

Levels and vault maps discovered:
D:1:      minmay_arrival_four_houses, layout_loops_cross, serial_bayou_crossing
D:2:      cheibrodos_greedy_goblins, layout_basic

Skill      XL: |  1  2  3 |
---------------+----------+-----
Unarmed Combat | 1 2 |  2.1
Ranged Weapons | 3 |  3.1
Fighting       | 2 |  2.0
Dodging        | |  1.5
Stealth        | |  0.3

Action                   || total
-------------------------++-------
Melee: Unarmed           ||    32
 Fire: Shortbow          ||    74
  Use: Scroll            ||     3
Armor: Robe              ||    23
Dodge: Dodged            ||    28

Table legend: (Time is in decaauts)
 A = Elapsed time spent in this place.
 B = Non-inter-level travel time spent in this place.
 C = Inter-level travel time spent in this place.
 D = Time resting spent in this place.
 E = Time spent auto-exploring this place.
 F = Levels seen in this place.
 G = Mean time per level.
                   A        B        C        D        E       F      G
               +--------+--------+--------+--------+--------+-----+--------+
         Total |   1193 |   1193 |      0 |     10 |    920 |   2 |  596.5 |
       Dungeon |   1193 |   1193 |      0 |     10 |    920 |   2 |  596.5 |
               +--------+--------+--------+--------+--------+-----+--------+

Top non-repeatable levels by time:
     D:1: 723 daAuts
     D:2: 469 daAuts
